 Dungeon Crawl Stone Soup version 0.28.0-53-g5a82cb258f (webtiles) character file.

Game seed: 4174917189597620879

413 Descartes the Ducker (level 6, 0/34 HPs)
             Began as a Deep Elf Wanderer on July 30, 2022.
             Succumbed to a kobold's poison
             ... on level 4 of the Dungeon.
             The game lasted 00:09:26 (6516 turns).

Descartes the Ducker (Deep Elf Wanderer)            Turns: 6516, Time: 00:09:27

Health: 0/34       AC: 28    Str:  6    XL:     6   Next: 59%
Magic:  12/12      EV: 17    Int: 19    God:
Gold:   241        SH:  0    Dex: 17    Spells: 11/11 levels left

rFire   . . .      SeeInvis .   e - +4 dagger
rCold   . . .      Faith    .   (no shield)
rNeg    . . .      Spirit   .   v - +18 Lear's hauberk
rPois   .          Reflect  .   (helmet currently unavailable)
rElec   .          Harm     .   g - +1 cloak
rCorr   .          Rampage  .   (gloves currently unavailable)
Will    .....                   (boots currently unavailable)
Stlth   ..........              q - amulet of the acrobat
HPRegen 0.11/turn               (no ring)
MPRegen 0.13/turn               (no ring)

@: lethally poisoned (0 -> -27), acrobatic
A: no striking features
a: no special abilities


You were on level 4 of the Dungeon.
You visited 1 branch of the dungeon, and saw 4 of its levels.

You collected 241 gold pieces.

Inventory:

Hand Weapons
 a - a +1 falchion
 e - a +4 dagger (weapon)
 i - a +0 dagger of venom
 p - a +0 dagger of holy wrath
 y - a +4 quarterstaff of chaos
 D - a +2 dagger of protection
Missiles
 b - 4 throwing nets (quivered)
 h - 85 stones
 k - 51 arrows
 l - 35 sling bullets
 t - 3 boomerangs
 A - 28 poisoned darts
 C - 37 bolts
Armour
 c - a +0 leather armour
 f - a +0 pair of gloves
 g - a +1 cloak (worn)
 v - the +18 Lear's hauberk (worn)
   (You found it on level 3 of the Dungeon)
 x - a scarf of invisibility
Jewellery
 q - an amulet of the acrobat (around neck)
Scrolls
 d - 7 scrolls of identify {unknown}
 m - a scroll of amnesia {unknown}
 o - 2 scrolls of enchant armour {unknown}
 r - a scroll of enchant weapon {unknown}
 s - 2 scrolls of teleportation {unknown}
 u - a scroll of brand weapon {unknown}
 z - a scroll of torment {unknown}
Potions
 j - a potion of brilliance {unknown}
 n - 2 potions of ambrosia {unknown}
 w - 2 potions of flight {unknown}
 B - a potion of curing
 E - a potion of mutation {unknown}


   Skills:
 - Level 1.0 Fighting
 + Level 2.5(3.7) Short Blades
 + Level 3.7(4.0) Long Blades
 - Level 1.0 Armour
 + Level 7.1 Dodging
 + Level 2.6 Stealth
 + Level 3.2 Spellcasting
 + Level 2.9 Conjurations


You had 11 spell levels left.
You didn't know any spells.
Your spell library contained the following spells:

 Spells                   Type           Power      Damage    Failure   Level
 Sting                    Tmut/Pois      12%        1d3       100%        1
 Poisonous Vapours        Pois/Air       6%         N/A       100%        2
 Olgreb's Toxic Radiance  Pois           3%         N/A       100%        4
 Summon Forest            Summ/Tloc      1%         N/A       100%        5
 Eringya's Noxious Bog    Tmut/Pois      1%         N/A       100%        6
 Summon Hydra             Summ           1%         N/A       100%        7


Dungeon Overview and Level Annotations

Branches:
Dungeon (4/15)
 Temple: D:4-7

Altars:

Shops:
D:3 *   D:4 *


Message History

The kobold hits you but does no damage.
You are more poisoned.
The iguana bites you but does no damage.
You hit the iguana but do no damage.
The iguana is heavily wounded.
You feel very sick.
You hit the iguana but do no damage.
The iguana is heavily wounded.
You feel very sick.
The iguana bites you but does no damage.
The kobold hits you but does no damage.
You are lethally poisoned!
You hit the iguana but do no damage.
The iguana is heavily wounded.
You feel very sick.
The iguana bites you but does no damage.
The kobold hits you but does no damage.
You are more poisoned.
You hit the iguana but do no damage.
The iguana is heavily wounded.
You feel very sick. The iguana bites you!
* * * LOW HITPOINT WARNING * * *
The kobold hits you but does no damage.
You are too injured to fight recklessly!
You are too injured to fight recklessly!
You are too injured to fight recklessly!
You are too injured to fight recklessly!
You are too injured to fight recklessly!
You are too injured to fight recklessly!
You are too injured to fight recklessly!
You are too injured to fight recklessly!
You are too injured to fight recklessly!
You are too injured to fight recklessly!
You are too injured to fight recklessly!
You are too injured to fight recklessly!
You are too injured to fight recklessly!
You are too injured to fight recklessly!
You are too injured to fight recklessly!
You die...

#.## .. #..# #.# #..# ..
#..# #.# ##.# # #..
###.## # #.## #.#>.# #
#..############....# #
#.@...............#
.....ZlK############.....
.......## ##...# .......
##... ....... ###.
....... ## ..<....
....... ...


You could see an iguana, a killer bee zombie and a kobold.

Vanquished Creatures
  A kobold brigand (D:4)
  A scorpion (D:4)
  A bullfrog zombie (D:4)
  Crazy Yiuf (D:3)
  An orc priest (D:4)
  2 hound skeletons
  3 adders
  A white imp (D:3)
  An adder skeleton (D:4)
  6 worms
  A dart slug (D:4)
  7 orcs
  4 ball pythons
  4 endoplasms
  6 giant cockroaches
  5 goblins
  8 hobgoblins
  4 jackals (D:1)
  5 quokkas
  5 bats
  2 frilled lizards
  28 kobolds
  8 rats
105 creatures vanquished.

Vanquished Creatures (others)
  61 plants (D:4)
61 creatures vanquished.

Grand Total: 166 creatures vanquished

Notes
Turn   | Place    | Note
-------+----------+-------------------------------------------
     0 | D:1      | Descartes the Deep Elf Wanderer began the quest for the
                  | Orb.
     0 | D:1      | Descartes set off with the following items: a +1 falchion,
                  | 4 throwing nets, a +0 leather armour
     0 | D:1      | Reached XP level 1. HP: 12/12 MP: 3/3
   368 | D:1      | Reached XP level 2. HP: 8/16 MP: 4/4
   775 | D:1      | Reached skill level 1 in Spellcasting
   952 | D:1      | Reached skill level 1 in Conjurations
   952 | D:1      | Reached XP level 3. HP: 20/20 MP: 6/6
  1192 | D:1      | Reached skill level 1 in Short Blades
  1560 | D:2      | HP: 1/20 [poisoned by a kobold]
  2076 | D:2      | Reached XP level 4. HP: 10/25 MP: 8/8
  3138 | D:3      | Found Cumoech's General Store.
  3499 | D:3      | Found a runed translucent door.
  3500 | D:3      | Noticed Crazy Yiuf
  3937 | D:3      | Found the +18 Lear's hauberk
  4171 | D:3      | Reached skill level 1 in Stealth
  4353 | D:3      | Killed Crazy Yiuf
  4354 | D:3      | Reached XP level 5. HP: 15/29 MP: 10/10
  5319 | D:4      | Reached XP level 6. HP: 12/34 MP: 12/12
  5538 | D:4      | Reached skill level 7 in Dodging
  6218 | D:4      | Found Tunuagha's Gadget Gallery.
  6516 | D:4      | Succumbed to a kobold's poison

Illustrated notes

Levels and vault maps discovered:
D:1:      onia_arrival_mini_spirals, layout_basic, serial_glass,
          glass_columns_b, glass_columns_a
D:2:      layout_loops_ring, serial_park_tiny_1, hangedman_abyss_or_decor_stabs
D:3:      layout_loops_ring, serial_shops, shop_coins, uniq_crazy_yiuf_cottage
D:4:      kennysheep_kobold_camp, layout_cave_pods, grunt_decor_one_mirror,
          nicolae_shop_gadgets

Skill      XL: |  1  2  3  4  5  6 |
---------------+-------------------+-----
Spellcasting   | 1 2 3 |  3.2
Conjurations   | 1 2 |  2.9
Short Blades   | 1 2 |  2.5
Long Blades    | 3 |  3.7
Stealth        | 1 2 |  2.6
Dodging        | 7 |  7.1
Fighting       | |  1.0
Armour         | |  1.0

Action                   |  1- 3 |  4- 6 || total
-------------------------+-------+-------++-------
Melee: Dagger            |   155 |   293 ||   448
       Falchion          |     5 |       ||     5
       Punch             |     3 |     4 ||     7
  Use: Potion            |     1 |     2 ||     3
 Stab: Sleeping          |     2 |     1 ||     3
Armor: Leather armour    |    28 |    12 ||    40
       Chain mail        |       |   180 ||   180
Dodge: Dodged            |   101 |    68 ||   169
